 Dungeon Crawl Stone Soup version 0.22.0-49-gab54619 (webtiles) character file.

88 Loudmushroom the Shield-Bearer (level 4, -3/29 HPs)
             Began as a Gargoyle Fighter on Sept 7, 2018.
             Killed from afar by an orc wizard (5 damage)
             ... with a magic dart
             ... on level 3 of the Dungeon.
             The game lasted 00:07:42 (1942 turns).

Loudmushroom the Shield-Bearer (Gargoyle Fighter)   Turns: 1942, Time: 00:07:43

Health: -3/29      AC: 10    Str: 20    XL:     4   Next: 53%
Magic:  4/4        EV:  7    Int:  9    God:
Gold:   84         SH:  9    Dex:  9    Spells: 3/3 levels left

rFire    . . .     SeeInvis .   a - +0 war axe
rCold    . . .     Gourm    .   c - +0 shield
rNeg     + . .     Faith    +   b - +0 scale mail
rPois    ∞         Spirit   .   (no helmet)
rElec    +         Reflect  .   (no cloak)
rCorr    .         Harm     .   (no gloves)
MR       .....                  (no boots)
Stlth    ..........             o - amulet of faith
HPRegen  0.09/turn              (no ring)
MPRegen  0.09/turn              (no ring)

@: no status effects
A: negative energy resistance 1, electricity resistance, unbreathing,
petrification resistance, rot immunity, AC +3
a: no special abilities


You were on level 3 of the Dungeon.
You were not hungry.

You visited 1 branch of the dungeon, and saw 3 of its levels.

You collected 84 gold pieces.

Inventory:

Hand Weapons
 a - a +0 war axe (weapon)
 l - a +0 spear
Missiles
 e - 68 stones (quivered)
 k - 25 sling bullets
 p - 25 bolts
Armour
 b - a +0 scale mail (worn)
 c - a +0 shield (worn)
Jewellery
 o - an amulet of faith (around neck)
Scrolls
 g - a scroll of random uselessness {unknown}
 h - a scroll of immolation {unknown}
 i - a scroll of identify {unknown}
 n - a scroll of teleportation {unknown}
Potions
 d - a potion of might
 j - 2 potions of mutation {unknown}
 m - 2 potions of curing {unknown}
 r - a potion of resistance {unknown}
Comestibles
 f - 7 rations


   Skills:
 + Level 3.8 Fighting
 * Level 3.0 Axes
 + Level 3.8 Armour
 + Level 3.9 Shields


You had 3 spell levels left.
You didn't know any spells.
Your spell library was empty.

Dungeon Overview and Level Annotations

Branches:
Dungeon (3/15)

Altars:
Elyvilon
Hepliaklqana
Kikubaaqudgha
Qazlal
Uskayaw
Wu Jian
Yredelemnul


Innate Abilities, Weirdness & Mutations

You are resistant to torment.
Your stone body is resilient. (AC +3)
You are immune to poison.
You resist negative energy. (rN+)
You are resistant to electric shocks. (rElec)
You can survive without breathing.
You are immune to petrification.
You are immune to rotting.


Message History

The bat barely misses you.
The orc priest calls upon Beogh to heal the orc wizard.
The orc wizard's wounds heal themselves!
The orc wizard points at you and mumbles some strange words.
The magic dart hits you! You block the orc's attack.
The orc wizard gestures wildly while chanting.
The orc wizard blinks!
The orc closely misses you.
The orc priest hits you but does no damage.
The bat barely misses you.
You see here a club.
You hit the orc priest.
The orc priest is lightly wounded.
You miss the bat. You hit the orc.
You kill the orc!
Your Axes skill increases to level 3!
The bat barely misses you. x2
The orc wizard gestures at you while chanting.
The magic dart hits you!
You die...

#. ....## ..
#....# .# #....+
. #..#.# ..
#.#..#.#
....#.#..#.#
#..$.bo)#.####+#
#@.o......#
####..##### #.<#
........#
#.......#
#########


You could see an orc priest, an orc wizard and a bat.

Vanquished Creatures
  A worker ant (D:2)
  2 adders (D:2)
  An ooze (D:1)
  A dart slug (D:1)
  2 orcs (D:3)
  3 bats
  A giant cockroach (D:2)
  4 goblins
  2 hobgoblins
  4 jackals (D:1)
  2 frilled lizards
  10 kobolds
  7 rats
40 creatures vanquished.

Notes
Turn   | Place    | Note
-------+----------+-------------------------------------------
     0 | D:1      | Loudmushroom the Gargoyle Fighter began the quest for the
                  | Orb.
     0 | D:1      | Reached XP level 1. HP: 14/14 MP: 1/1
    42 | D:1      | Reached XP level 2. HP: 16/19 MP: 2/2
   529 | D:1      | Reached XP level 3. HP: 23/23 MP: 3/3
  1196 | D:2      | Noticed an air elemental
  1199 | D:2      | Found a stormy altar of Qazlal.
  1202 | D:2      | Noticed a water elemental
  1204 | D:2      | Noticed an earth elemental
  1204 | D:2      | Noticed a fire elemental
  1324 | D:2      | Reached XP level 4. HP: 26/29 MP: 4/4
  1395 | D:2      | Found a hide-covered altar of Uskayaw.
  1440 | D:2      | Found an ornate altar of the Wu Jian Council.
  1467 | D:2      | Found an ancient bone altar of Kikubaaqudgha.
  1507 | D:2      | Found a hazy altar of Hepliaklqana.
  1620 | D:2      | Found a white marble altar of Elyvilon.
  1673 | D:2      | Found a basalt altar of Yredelemnul.
  1942 | D:3      | Killed from afar by an orc wizard

Skill      XL: |  1  2  3  4 |
---------------+-------------+-----
Axes           | 2 3 |  3.0
Fighting       | |  3.8
Armour         | |  3.8
Shields        | |  3.9

Action                   |  1- 3 |  4- 6 || total
-------------------------+-------+-------++-------
Melee: War axe           |   100 |    25 ||   125
  Eat: Chunk             |     1 |     2 ||     3
Armor: Scale mail        |    73 |    20 ||    93
Dodge: Dodged            |    51 |    18 ||    69
Block: Shield            |    67 |    13 ||    80
